 Dungeon Crawl Stone Soup version 0.21.0-3-g78d12a8 (webtiles) character file.

123 Suckerboh the Skirmisher (level 5, -1/42 HPs)
             Began as a Formicid Abyssal Knight on Jan 15, 2018.
             Was a Believer of Lugonu.
             Slain by an orc
             ... wielding a +1 hand axe of chopping
              (5 damage)
             ... on level 3 of the Dungeon.
             The game lasted 00:02:56 (2034 turns).

Suckerboh the Skirmisher (Formicid Abyssal Knight)  Turns: 2034, Time: 00:02:57

Health: -1/42      AC:  3    Str: 17    XL:     5   Next: 29%
Magic:  0/6        EV: 11    Int: 11    God:    Lugonu [**....]
Gold:   108        SH:  0    Dex: 11    Spells: 4/4 levels left

rFire    . . .     SeeInvis +   a - +1 falchion
rCold    . . .     Gourm    .   (no shield)
rNeg     . . .     Faith    .   b - +0 leather armour
rPois    .         Spirit   +   (helmet unavailable)
rElec    .         Reflect  .   (no cloak)
rCorr    .         Harm     .   (no gloves)
MR       .....                  (no boots)
Stlth    +.........             h - amulet of guardian spirit
HPRegen  0.14/turn              (no ring)
MPRegen  0.10/turn              (no ring)

@: lethally poisoned (-1 -> -2), heavily drained
A: permanent stasis, dig shafts and tunnels, four strong arms, antennae 3
a: Dig, Shaft Self, Depart the Abyss, Bend Space, Renounce Religion


You were on level 3 of the Dungeon.
You worshipped Lugonu.
Lugonu was pleased with you.
You were not hungry.

You visited 1 branch of the dungeon, and saw 3 of its levels.
You visited the Abyss 1 time.

You collected 108 gold pieces.

Inventory:

Hand Weapons
 a - a +1 falchion (weapon)
Armour
 b - a +0 leather armour (worn)
Jewellery
 h - an amulet of guardian spirit (around neck)
Wands
 n - a wand of acid (16)
Scrolls
 d - 3 scrolls of fear {unknown}
 e - a scroll of noise {unknown}
 f - a scroll of remove curse {unknown}
 l - a scroll of teleportation {unknown}
 m - 2 scrolls of magic mapping {unknown}
 o - a scroll of blinking {unknown}
 p - 2 scrolls of identify {unknown}
Potions
 i - a potion of resistance {unknown}
 k - a potion of cancellation {unknown}
Comestibles
 c - 7 rations


   Skills:
 + Level 4.3(2.7) Fighting
 + Level 3.6(2.0) Long Blades
 + Level 2.6(1.1) Armour
 + Level 1.7(0.2) Dodging
 + Level 0.2(0.0) Stealth
 + Level 2.3(0.8) Invocations


You had 4 spell levels left.
You didn't know any spells.

Dungeon Overview and Level Annotations

Branches:
Dungeon (3/15)

Altars:
Sif Muna

Annotations:
D:3 Suckerboh's ghost, novice FoAK


Innate Abilities, Weirdness & Mutations

You cannot be hasted, slowed, berserked, paralysed or teleported.
You can dig through walls and to a lower floor.
Your four strong arms can wield two-handed weapons with a shield.
You have a pair of large antennae on your head. (SInv)


Message History

* * * LOW HITPOINT WARNING * * *
x2 You hit the orc.
The orc is lightly wounded.
The orc barely misses you.
You closely miss the orc.
The orc is lightly wounded.
The orc hits you with a hand axe of chopping.
* * * LOW HITPOINT WARNING * * *
x2 The orc closely misses you.
An orc priest comes into view. It is wielding a mace.
You closely miss the orc.
The orc is lightly wounded.
You feel sick.
The orc priest shouts!
The orc barely misses you.
You hit the orc.
The orc is heavily wounded.
The orc priest casts a cantrip, but nothing happens.
The orc hits you with a hand axe of chopping.
You die...

#...# #...#
#..)# #...#
######
#..(###......
#............
#.(.#o#.....
#...#.# ...
#.(.#@# .
#<..#o#
#####.# #.$
##. .. .. ##.


You could see an orc priest and an orc.

Vanquished Creatures
  An orc wizard (D:3)
  3 adders
  An ooze (D:1)
  A worm (D:2)
  A dart slug (D:2)
  A leopard gecko (D:2)
  3 orcs
  3 giant cockroaches
  3 goblins (D:2)
  8 hobgoblins
  8 jackals (D:2)
  A ball python (D:2)
  5 bats
  2 frilled lizards (D:1)
  8 kobolds
  6 rats
55 creatures vanquished.

Notes
Turn   | Place    | Note
-------+----------+-------------------------------------------
     0 | Abyss:1  | Suckerboh the Formicid Abyssal Knight began the quest for the Orb.
     0 | Abyss:1  | Reached XP level 1. HP: 18/18 MP: 2/2
    50 | D:1      | Escaped the Abyss
   179 | D:1      | Reached XP level 2. HP: 23/24 MP: 3/3
   238 | D:1      | Reached skill level 1 in Dodging
   545 | D:1      | Reached XP level 3. HP: 29/29 MP: 4/4
   756 | D:2      | Reached ** piety under Lugonu
   847 | D:2      | Reached skill level 4 in Fighting
   970 | D:2      | Reached XP level 4. HP: 28/37 MP: 3/5
  1565 | D:2      | Found a deep blue altar of Sif Muna.
  1884 | D:3      | Noticed Suckerboh's ghost (novice FoAK)
  1888 | D:3      | Noticed an ogre
  2019 | D:3      | Reached XP level 5. HP: 22/42 MP: 4/6
  2034 | D:3      | Slain by an orc

Skill      XL: |  1  2  3 |
---------------+----------+-----
Dodging        | 1 |  1.7
Fighting       | 4 |  4.3
Long Blades    | 3 |  3.6
Armour         | |  2.6
Stealth        | |  0.2
Invocations    | |  2.3

Action                   |  1- 3 |  4- 6 || total
-------------------------+-------+-------++-------
Melee: Falchion          |    70 |   101 ||   171
  Use: Potion            |       |     1 ||     1
  Eat: Chunk             |       |     4 ||     4
Armor: Leather armour    |    16 |    21 ||    37
Dodge: Dodged            |    53 |    91 ||   144
       Rpst.: Falchion   |    15 |    33 ||    48
